 Dungeon Crawl Stone Soup version 0.30-a0-782-ge64f9170bb (webtiles) character file.

Game seed: 8745366724833659631

18 Esekla the Sneak (level 2, -1/16 HPs)
             Began as a Vine Stalker Delver on Feb 19, 2023.
             Was an Initiate of Vehumet.
             Slain by an orc wizard
             ... wielding a +2 dagger of speed
              (4 damage)
             ... on level 4 of the Dungeon.
             The game lasted 00:07:01 (531 turns).

Esekla the Sneak (Vine Stalker Delver)               Turns: 531, Time: 00:07:02

Health: -1/16      AC:  3    Str: 14    XL:     2   Next: 70%
Magic:  0/3        EV: 11    Int: 10    God:    Vehumet [......]
Gold:   38         SH:  0    Dex: 15    Spells: 2/2 levels left

rFire   . . .      SeeInvis .    a - +0 long sword
rCold   . . .      Faith    .    (no shield)
rNeg    . . .      Spirit   +    b - +0 leather armour
rPois   .          Reflect  .    (no helmet)
rElec   .          Harm     .    (no cloak)
rCorr   .          Rampage  .    (no gloves)
Will    .....                    (no boots)
Stlth   +++                      (no amulet)
HPRegen 0.22/turn                (no ring)
MPRegen 0.08/turn                (no ring)

@: attractive
A: fangs 2, magic shield, antimagic bite, no potion heal 2
a: Renounce Religion


You were on level 4 of the Dungeon.
You worshipped Vehumet.
Vehumet was noncommittal.
You visited 2 branches of the dungeon, and saw 3 of its levels.

You collected 38 gold pieces.

Inventory:

Hand Weapons
 a - a +0 long sword (weapon)
 h - a +0 dagger
Armour
 b - a +0 leather armour (worn)
Wands
 g - a wand of digging (2)
Scrolls
 c - a scroll of fog
 f - 2 scrolls of identify {unknown}
Potions
 e - a potion of attraction


   Skills:
 * Level 2.8 Fighting
 * Level 2.3 Long Blades
 + Level 0.2 Armour
 + Level 1.7 Dodging
 - Level 6.0 Stealth
 * Level 0.5 Spellcasting


You had 2 spell levels left.
You didn't know any spells.
Your spell library was empty.

Dungeon Overview and Level Annotations

Branches:
Dungeon (5/15)             Temple (1/1) D:5

Altars:
Cheibriados
Elyvilon
Hepliaklqana
Kikubaaqudgha
Makhleb
Qazlal
Trog
Vehumet
Wu Jian
The Shining One

Annotations:
D:5 Dowan, Duvessa, Grinder, Sigmund


Innate Abilities, Weirdness & Mutations

You have extremely sharp teeth.
When hurt, damage is shared between your health and your magic reserves.
Your bite disrupts and absorbs the magic of your enemies.
Potions cannot restore your health.


Message History

An orc wizard comes into view. It is wielding a +0 dagger.
Aiming: Dig
Press: ? - help, Shift-Dir - straight line A rock wall.
The rock shatters into small pieces.
The orc shouts!
The orc closely misses you. The orc attacks as you move away!
The orc barely misses you.
You barely miss the orc. The orc hits you but does no damage.
The orc misses you.
You slash the orc!
You kill the orc!
Vehumet accepts your kill.
You slash the goblin!
You kill the goblin!
Vehumet accepts your kill.
You hear some strange, mumbled words.
Something tries to affect you, but you resist.
You hear the brisk hiss of a very distant avalanche of sand.
As you read the scroll of magic mapping, it crumbles to dust.
You feel aware of your surroundings.
You sensed 2 shops/portals.
You closely miss something. Something hits you but does no damage.
You hear some strange, mumbled words.
You are confused.
It was a potion of attraction.
You feel attractive to monsters.
The orc wizard shouts!
Something hits you.
You closely miss something.
You hear some strange, mumbled words.
A magic dart appears from out of thin air!
The magic dart hits you!
Ouch! That really hurt!
Something hits you.
It was a potion of curing.
Your system rejects the healing.
You feel better. Something hits you.
You hit something. Something hits you.
* * * LOW HITPOINT WARNING * * *
Something hits you.
You die...

*,,,,,,,,,............#
*,,,,,,,,,.........†..#
**,,,,,***#....o......#
*,,,,,* #>..o.o.....#
*,,,,,* #...........#
*,,,,,* #...........#
*,,,,,* *#####......#
*,,,,,*########......#
*****,,,,,*#..@{oooo.....#
*,,,,,*****########......#
*,,,,,* #......# *,,,,,*
#......# *,,,,,* #......#
******* ########


You could see an orc wizard and 3 orcs.

Vanquished Creatures
  An orc (D:4)
  3 ball pythons (D:4)
  2 endoplasms (D:4)
  2 goblins (D:4)
  3 hobgoblins (D:4)
  A kobold (D:4)
  A quokka (D:4)
13 creatures vanquished.

Vanquished Creatures (others)
  4 plants (D:4)
4 creatures vanquished.

Grand Total: 17 creatures vanquished

Notes
Turn   | Place    | Note
-------+----------+-------------------------------------------
     0 | D:5      | Esekla the Vine Stalker Delver began the quest for the Orb.
     0 | D:5      | Reached XP level 1. HP: 11/11 MP: 2/2
    11 | D:5      | Found a staircase to the Ecumenical Temple.
    12 | D:5      | Noticed Grinder
    22 | D:5      | Noticed an iguana
    38 | D:5      | Paralysed by Grinder for 2 turns
    42 | D:5      | Noticed Duvessa
    42 | D:5      | Noticed Dowan
    42 | D:5      | Noticed Sigmund
    52 | Temple   | Entered the Ecumenical Temple
    61 | Temple   | Became a worshipper of Vehumet
    78 | D:5      | Paralysed by Grinder for 4 turns
   161 | D:4      | Noticed a hound
   271 | D:4      | Reached XP level 2. HP: 16/16 MP: 1/3
   531 | D:4      | Slain by an orc wizard

Illustrated notes

Levels and vault maps discovered:
D:4:      layout_gridville, chequers_ossuary_entry_cave, serial_bayou_lake_a
D:5:      layout_layer_cave, minmay_temple_entry_overgrown, serial_shops, shop,
          shop, nicolae_shop_competitors_out_of_business,
          nicolae_shop_temple_entry_statues_fountains, shop,
          minmay_ogre_servants, uniq_eustachio, uniq_duvessa, uniq_edmund,
          uniq_grinder, uniq_sigmund
Temple:   grunt_wide_crystal_templ

Skill      XL: |  1 |
---------------+----+-----
Long Blades    | 2 |  2.3
Fighting       | |  2.8
Armour         | |  0.2
Dodging        | |  1.7
Stealth        | |  6.0
Spellcasting   | |  0.5

Action                     || total
---------------------------++-------
  Melee: Long sword        ||    43
         Bite              ||    11
  Evoke: Wand              ||     1
    Use: Potion            ||     3
         Scroll            ||     2
   Stab: Sleeping          ||     1
 Armour: Leather armour    ||    10
  Dodge: Dodged            ||    38

Table legend: (Time is in decaauts)
 A = Elapsed time spent in this place.
 B = Non-inter-level travel time spent in this place.
 C = Inter-level travel time spent in this place.
 D = Time resting spent in this place.
 E = Time spent auto-exploring this place.
 F = Levels seen in this place.
 G = Mean time per level.
                   A        B        C        D        E       F      G
               +--------+--------+--------+--------+--------+-----+--------+
         Total |    548 |    548 |      0 |      0 |      0 |   3 |  182.7 |
       Dungeon |    529 |    529 |      0 |      0 |      0 |   2 |  264.5 |
        Temple |     18 |     18 |      0 |      0 |      0 |   1 |   18.0 |
               +--------+--------+--------+--------+--------+-----+--------+

Top non-repeatable levels by time:
     D:4: 462 daAuts
     D:5: 67 daAuts
  Temple: 18 daAuts
